 Seeded DCSS version 0.30.0-17-ge0270778cf (webtiles) character file.

Game seed: 12352473165703896170 (custom seed)

57110 Twinkles the Severer (level 14, -13/135 HPs)
             Began as a Hill Orc Fighter on May 22, 2023.
             Was a Believer of Uskayaw.
             Mangled by Donald
             ... wielding a +6 heavy scimitar
              (35 damage)
             ... on level 2 of the Orcish Mines.
             The game lasted 00:41:12 (17435 turns).

Twinkles the Severer (Hill Orc Fighter)            Turns: 17435, Time: 00:41:13

Health: -13/135    AC: 21    Str: 24    XL:     14   Next: 84%
Magic:  25/25      EV:  9    Int:  8    God:    Uskayaw [**....]
Gold:   1810       SH: 11    Dex: 10    Spells: 13/13 levels left

rFire   . . .        w - +16 obsidian axe {drain, demonic, Mesm Drain Fly SInv}
rCold   . . .        W - +2 kite shield
rNeg    . . .        l - +0 chain mail
rPois   .            (no helmet)
rElec   .            m - +2 cloak {rCorr}
rCorr   +            x - +0 pair of gloves
SInv    +            (no boots)
Will    +....        t - amulet of faith Stlth
                     a - +4 ring of protection
HPRegen 0.42/turn    n - +4 ring of slaying
MPRegen 0.19/turn

%: faith
@: brilliant, flying, mesmerised
A: no striking features
a: Renounce Religion, Stomp, Line Pass


You were on level 2 of the Orcish Mines.
You worshipped Uskayaw.
Uskayaw was pleased with you.
You visited 4 branches of the dungeon, and saw 19 of its levels.
You also visited: Sewer, Ossuary and Bailey.

You collected 1810 gold pieces.

Inventory:

Hand Weapons
 e - a +3 dagger of venom
 w - the +16 obsidian axe (weapon) {drain, demonic, Mesm Drain Fly SInv}
   (You found it on level 4 of the Dungeon)

   Mesm:      Its wielder is mesmerised by any visible foes, and it cannot be
   unequipped while any foes are visible.
   SInv:      It lets you see invisible.
   Fly:       It grants you flight.
   Drain:     It drains your maximum health when unequipped.
Missiles
 f - 12 javelins
 k - a curare-tipped dart
 s - 25 poisoned darts
 z - 10 throwing nets
Armour
 l - a +0 chain mail (worn)
 m - a +2 cloak of preservation (worn)
 x - a +0 pair of gloves (worn)
 W - a +2 kite shield (worn)
Magical Staves
 b - the staff of air "Siupp" {rElec rF+}
   (You found it in a bailey)

   [staff of air]

   Base accuracy: +5 Base damage: 5 Base attack delay: 1.2 This weapon's minimum
   attack delay (0.6) is reached at skill level 12.
   rF:        It protects you from fire.
   rElec:     It insulates you from electricity.
   It falls into the 'Staves' category.
   It is a one-handed weapon.
Jewellery
 a - a +4 ring of protection (left hand)
 d - a ring of protection from cold
 i - a ring of protection from cold
 n - a +4 ring of slaying (right hand)
 t - an amulet of faith (around neck)
 v - a ring of protection from fire
Wands
 h - a wand of acid (6)
 j - a wand of polymorph (24)
 p - a wand of paralysis (35)
 q - a wand of flame (32)
 r - a wand of roots (21)
 y - a wand of mindburst (4)
Scrolls
 c - a scroll of enchant weapon
 g - 4 scrolls of poison
 o - a scroll of enchant armour
 u - 2 scrolls of amnesia
 D - 5 scrolls of blinking
 E - 3 scrolls of fear
 F - 7 scrolls of fog
 K - 3 scrolls of immolation
 O - 2 scrolls of acquirement
 S - a scroll of summoning
 V - 8 scrolls of vulnerability
 X - a scroll of magic mapping {unknown}
 Y - 13 scrolls of teleportation
 Z - 2 scrolls of identify
Potions
 A - 3 potions of attraction
 B - 3 potions of brilliance
 C - 8 potions of cancellation
 G - 3 potions of ambrosia
 H - 3 potions of haste
 I - 5 potions of invisibility
 J - 14 potions of curing
 L - 4 potions of flight
 M - 2 potions of might
 N - 3 potions of heal wounds
 P - 6 potions of lignification
 Q - 5 potions of magic
 R - 4 potions of resistance
 T - 2 potions of berserk rage
 U - 3 potions of mutation


   Skills:
 * Level 15.4 Fighting
 - Level 18.0 Axes
 - Level 11.5 Armour
 + Level 4.5 Dodging
 + Level 7.0 Shields
 * Level 15.9 Invocations


You had 13 spell levels left.
You didn't know any spells.
Your spell library contained the following spells:

 Spells                   Type           Power      Damage    Failure   Level
 Shock                    Conj/Air       0%         1d3       98%         1
 Ensorcelled Hibernation  Hex/Ice        0%         N/A       99%         2
 Lesser Beckoning         Tloc           0%         N/A       99%         2
 Passwall                 Tmut/Erth      0%         N/A       99%         2
 Scorch                   Fire           0%         2d5       99%         2
 Sublimation of Blood     Necr           0%         N/A       99%         2
 Wereblood                Tmut           0%         N/A       99%         2
 Dazzling Flash           Conj/Hex       0%         N/A       100%        3
 Frozen Ramparts          Ice            0%         1d1       100%        3
 Gell's Gravitas          Tloc           0%         N/A       100%        3
 Swiftness                Air            0%         N/A       100%        3
 Teleport Other           Tloc           0%         N/A       100%        3
 Airstrike                Air            0%         2d(0-16)  100%        4
 Flame Wave               Conj/Fire      0%         2d4       100%        4
 Ice Form                 Ice/Tmut       0%         N/A       100%        4
 Agony                    Necr           0%         N/A       100%        5
 Silence                  Hex/Air        0%         N/A       100%        5
 Summon Forest            Summ/Tloc      0%         N/A       100%        5
 Summon Mana Viper        Hex/Summ       0%         N/A       100%        5
 Summon Cactus Giant      Summ           0%         N/A       100%        6
 Summon Hydra             Summ           0%         N/A       100%        7


Dungeon Overview and Level Annotations

Branches:
Dungeon (11/15) Zot: 25867  Temple (1/1) D:4 Zot: 5626    Lair (5/5) D:11 Zot: 24750
  Swamp (0/4) Lair:3       Spider (0/4) Lair:2        Slime (0/5) Lair:4
    Orc (2/2) D:10 Zot: 11534   Sewer (visited)         Ossuary (visited)
 Bailey (visited)
    Elf: Orc:2

Altars:
Ashenzari
Cheibriados
Dithmenos
Elyvilon
Fedhas
Gozag
Hepliaklqana
Kikubaaqudgha
Makhleb
Nemelex Xobeh
Okawaru
Qazlal
Ru
Sif Muna
Trog
Uskayaw
Vehumet
Wu Jian
Xom
Yredelemnul
Zin
The Shining One
Lugonu

Portals:
Abyss: Lair:5

Annotations:
D:5 3 exclusions
D:6 2 transporters, TheFallenCrow's ghost, novice FoHu
D:8 6 exclusions
Orc:2 5 exclusions, Donald


Message History

The orc hits your ice devil but does no damage.
Donald casts a spell.
Donald seems to speed up.
An orc comes into view. It is wielding a +0 arbalest.
The orc warrior barely misses you.
You closely miss the orc warrior.
The orc shouts!
You block the orc warrior's attack.
You slash the orc warrior! You drain the orc warrior.
The orc warrior is severely wounded.
The orc unwields a +0 mace.
The orc wields a +0 arbalest.
The orc shoots a bolt.
The bolt hits you.
Donald gestures wildly while chanting.
Donald seems to grow stronger.
You slash the orc warrior!
You break out of your daze!
You kill the orc warrior!
Visions of slaying Donald flood into your mind.
The orc shoots a bolt.
The bolt hits your ice devil!
You don't know any spells.
Unknown command.
Throw: 2 darts (curare)
Press: ? - help, Shift-Dir - straight line, f - Donald
Aim: Donald, wielding a +6 heavy scimitar, wearing a +2 plate armour of positive energy and wearing a +0 kite shield (mesmerising, fast, strong, 80% to hit)
You throw a curare-tipped dart.
Donald blocks the curare-tipped dart.
Donald says, "Like I always say, the jar is half empty."
The orc shoots a bolt.
The bolt hits your ice devil!
You slice Donald!!
Donald is moderately wounded.
Donald says, "I ran into an orc.
He called himself a warlord, and I asked what war?"
Donald hits you with a +6 heavy scimitar!!!
The orc unwields a +0 arbalest.
The orc wields a +0 mace.
The orc closely misses your ice devil.
You can now pass through a line of other dancers.
You feel clever all of a sudden.
Donald hits you with a +6 heavy scimitar!!!
* * * LOW HITPOINT WARNING * * *
You feel much better.
Donald hits you with a +6 heavy scimitar!!
You die...

############ #)..### #
###.### ##.4o#.### #
##.....# #))4##...### ###
##......###.)........#
..###.........#)).)).....#
..##....)......#).)).....#
...###.......))#..........
...#...).#...........#....
....)...###..)..@....# ...
....)...# #......@.### .
.......###........o#
.........#........<..
...#..........###.....
.<##........... #.......
..###......#.## ....... ##
##)....## #...... .#
##)4.....#.#


You could see Donald (mesmerising, fast, strong), 2 orcs and 2 friendly ice
devils.

Vanquished Creatures
  Kirke (Lair:3)
  An orc warlord (Bailey)
  A hydra (Lair:4)
  Harold (D:9)
  A ghost crab (Lair:3)
  A boulder beetle (D:11)
  2 thrashing horrors (Lair:5)
  A spectral catoblepas (Lair:3)
  3 skysharks (Lair:5)
  A spectral hydra (Lair:3)
  2 lindwurms (Lair:1)
  An orc knight (Bailey)
  A cyclops (D:11)
  2 ugly things (Lair:5)
  7 black mambas
  8 cane toads
  A smoke demon (Lair:5)
  Maurice (D:8)
  4 rime drakes
  2 kobold demonologists (D:11)
  3 komodo dragons
  A polar bear (Lair:5)
  A meliai (shapeshifter) (Lair:5)
  7 blink frogs (Lair:5)
  2 dream sheep
  2 culicivoras (Lair:2)
  2 shadows
  3 wyverns
  5 jumping spiders (Lair:2)
  7 hogs (Lair:3)
  3 steam dragons
  A spectral komodo dragon (Lair:3)
  A wraith (D:11)
  64 yaks
  3 basilisks
  2 large abominations (Lair:5)
  A redback (Lair:2)
  Grum (D:9)
  A warg (Orc:2)
  2 acid dragons
  19 water moccasins
  Duvessa (D:5)
  26 orc warriors
  2 ice beasts (D:5)
  3 black bears
  2 sky beasts (D:7)
  8 ogres
  17 wolves
  12 centaurs
  5 small abominations (Lair:5)
  13 bullfrogs
  A spectral wyvern (Lair:3)
  2 scorpions
  2 gnoll sergeants (D:11)
  Dowan (D:5)
  16 killer bees
  3 howler monkeys (D:8)
  10 electric eels
  3 hounds
  3 centaur zombies (Ossuary)
  8 bullfrog zombies (Ossuary)
  3 jellies
  A sleepcap (D:7)
  3 gnoll boudas
  9 orc priests
  5 iguanas
  10 hell rats
  11 orc wizards
  3 howler monkey zombies (Ossuary)
  13 mummies (Ossuary)
  28 gnolls
  A river rat (Sewer)
  3 adders (D:6)
  3 shadow imps
  4 white imps
  A worm zombie (D:6)
  5 dart slugs
  38 orcs
  5 ball pythons
  2 endoplasms
  3 giant cockroaches
  16 goblins
  15 hobgoblins
  7 jackals (D:1)
  7 quokkas
  2 bats
  3 frilled lizards
  6 kobolds
  4 rats
522 creatures vanquished.

Vanquished Creatures (collateral kills)
  Snorg (Orc:2)
  A catoblepas (Lair:5)
  A thrashing horror (Lair:5)
  A skyshark (Lair:5)
  An orc knight (Orc:2)
  A cane toad (Lair:5)
  A troll (shapeshifter) (Lair:5)
  An ancient zyme (Lair:5)
  A troll (Orc:2)
  A polar bear (Lair:5)
  4 dream sheep (Lair:5)
  9 blink frogs (Lair:5)
  A jumping spider (Lair:2)
  2 ynoxinuls (Lair:5)
  A wyvern (Lair:2)
  8 yaks
  A wyvern (shapeshifter) (Lair:5)
  4 basilisks (Lair:5)
  3 water moccasins (Lair:5)
  5 orc warriors
  An ogre (Orc:2)
  A wolf (Lair:1)
  5 small abominations (Lair:5)
  A killer bee (D:10)
  An electric eel (Lair:5)
  A bullfrog zombie (Ossuary)
  2 mummies (Ossuary)
  2 hell rats (Lair:1)
  A gnoll (Bailey)
  7 orcs
  3 goblins (Bailey)
  A hobgoblin (Bailey)
74 creatures vanquished.

Grand Total: 596 creatures vanquished

Notes
Turn   | Place    | Note
-------+----------+-------------------------------------------
     0 | D:1      | Twinkles the Hill Orc Fighter began the quest for the Orb.
     0 | D:1      | Reached XP level 1. HP: 19/19 MP: 1/1
    83 | D:1      | Reached skill level 3 in Axes
   206 | D:1      | Reached XP level 2. HP: 27/27 MP: 2/2
   555 | D:1      | Reached XP level 3. HP: 33/33 MP: 3/3
  1039 | D:2      | Reached skill level 4 in Axes
  1255 | D:2      | Found a faded altar of an unknown god.
  2353 | D:3      | Reached XP level 4. HP: 40/40 MP: 4/4
  2784 | D:4      | Noticed a black bear
  2804 | D:4      | Killed a black bear
  2805 | D:4      | Reached skill level 5 in Axes
  2805 | D:4      | Reached XP level 5. HP: 18/47 MP: 5/5
  2918 | D:4      | Found a staircase to the Ecumenical Temple.
  2922 | D:4      | Found the +16 obsidian axe {drain, demonic, Mesm Drain Fly
                  | SInv}
  2944 | Temple   | Entered the Ecumenical Temple
  3270 | Temple   | Became a worshipper of Uskayaw the Reveller
  3319 | D:4      | Reached * piety under Uskayaw
  3385 | D:4      | Noticed an ogre
  3387 | D:4      | Killed an ogre
  3387 | D:4      | Reached ** piety under Uskayaw
  3388 | D:4      | Reached skill level 5 in Fighting
  3388 | D:4      | Reached skill level 6 in Axes
  3388 | D:4      | Reached skill level 1 in Invocations
  3388 | D:4      | Reached XP level 6. HP: 56/56 MP: 5/7
  3570 | D:4      | Reached *** piety under Uskayaw
  3848 | D:5      | Entered Level 5 of the Dungeon
  3909 | D:5      | Noticed an ice beast
  3913 | D:5      | Reached XP level 7. HP: 54/61 MP: 8/8
  3919 | D:5      | Reached skill level 7 in Axes
  3919 | D:5      | Reached skill level 5 in Armour
  3968 | D:5      | Identified the +3 short sword "Giantslayer" {elec, Drain
                  | +Blink rN++ Str+2}
  3976 | D:5      | Noticed Duvessa
  3977 | D:5      | Noticed Dowan
  3981 | D:5      | Killed Dowan
  3982 | D:5      | Killed Duvessa
  3983 | D:5      | Reached **** piety under Uskayaw
  4013 | D:5      | Reached skill level 8 in Axes
  4013 | D:5      | Reached XP level 8. HP: 63/70 MP: 10/10
  4066 | D:5      | Found a glowing drain.
  4071 | Sewer    | Entered a sewer
  4572 | D:5      | Identified the staff of fire "Yghuda" {rF+ rC+}
  4630 | D:6      | Found a sand-covered staircase.
  4637 | Ossuary  | Entered an ossuary
  4658 | Ossuary  | Reached ***** piety under Uskayaw
  4661 | Ossuary  | Reached skill level 9 in Axes
  4665 | Ossuary  | Reached ****** piety under Uskayaw
  4675 | Ossuary  | Reached skill level 5 in Invocations
  4835 | Ossuary  | Reached XP level 9. HP: 79/79 MP: 13/13
  4921 | Ossuary  | Noticed a soul eater
  5003 | Ossuary  | Reached skill level 10 in Axes
  5138 | D:6      | Found a sacrificial altar of Ru.
  5152 | D:6      | Found a transporter.
  5153 | D:6      | Noticed TheFallenCrow's ghost (novice FoHu)
  5153 | D:6      | Identified the +1 giant spiked club of Salt {holy, Dex+3}
  5163 | D:6      | Found a transporter.
  5577 | D:6      | Identified the +3 broad axe of Jilocus {flame, rPois rC-
                  | rN+}
  6231 | D:7      | Reached skill level 11 in Axes
  6329 | D:7      | Found an ornate altar of the Wu Jian Council.
  7042 | D:8      | Noticed Maurice
  7047 | D:8      | Killed Maurice
  7184 | D:8      | Found a flagged portal.
  7202 | Bailey   | Entered a bailey
  7222 | Bailey   | Reached XP level 10. HP: 87/89 MP: 15/15
  7251 | Bailey   | Noticed an orc knight
  7261 | Bailey   | Killed an orc knight
  7262 | Bailey   | Reached skill level 12 in Axes
  7475 | Bailey   | Noticed an orc warlord
  7490 | Bailey   | Killed an orc warlord
  7491 | Bailey   | Reached skill level 13 in Axes
  7665 | Bailey   | Identified the staff of air "Siupp" {rElec rF+}
  8676 | D:9      | Reached XP level 11. HP: 90/97 MP: 17/17
  8711 | D:9      | Noticed Harold
  8719 | D:9      | Killed Harold
  8720 | D:9      | Reached skill level 14 in Axes
  8735 | D:9      | Reached skill level 10 in Fighting
  8748 | D:9      | Identified the +7 quarterstaff "Hepiet" {speed, *Rage
                  | Fragile rPois SInv}
  8757 | D:9      | Noticed Grum
  8763 | D:9      | Killed Grum
  8786 | D:9      | Reached skill level 10 in Invocations
  9195 | D:10     | Entered Level 10 of the Dungeon
 10034 | D:10     | Reached skill level 15 in Axes
 10119 | D:10     | Found a radiant altar of Vehumet.
 10157 | D:10     | Found a shimmering altar of Xom.
 10158 | D:10     | Found a hazy altar of Hepliaklqana.
 10183 | D:10     | Found an iron altar of Okawaru.
 10186 | D:10     | Found a sparkling altar of Nemelex Xobeh.
 10187 | D:10     | Found a glowing golden altar of the Shining One.
 10188 | D:10     | Found a white marble altar of Elyvilon.
 10238 | D:10     | Found a staircase to the Orcish Mines.
 10627 | D:11     | Noticed a cyclops
 10632 | D:11     | Killed a cyclops
 10635 | D:11     | Noticed a boulder beetle
 10725 | D:11     | Killed a boulder beetle
 10903 | D:11     | Reached skill level 10 in Armour
 11164 | D:11     | Found a staircase to the Lair.
 11194 | D:11     | Reached XP level 12. HP: 108/108 MP: 19/19
 11371 | D:11     | Reached skill level 16 in Axes
 11618 | Lair:1   | Entered Level 1 of the Lair of Beasts
 11833 | Lair:1   | You are sucked into a shaft and drop 1 floor!
 12636 | Lair:2   | Reached skill level 17 in Axes
 12727 | Lair:2   | Found a hole to the Spider Nest.
 13097 | Lair:2   | Reached XP level 13. HP: 118/118 MP: 22/22
 13907 | Lair:3   | Reached skill level 18 in Axes
 13940 | Lair:3   | Found a staircase to the Swamp.
 14220 | Lair:3   | Noticed Kirke
 14227 | Lair:3   | Reached skill level 1 in Dodging
 14229 | Lair:3   | Killed Kirke
 15004 | Lair:4   | Found a staircase to the Slime Pits.
 15454 | Lair:5   | Entered Level 5 of the Lair of Beasts
 15609 | Lair:5   | Reached skill level 5 in Shields
 15714 | Lair:5   | Reached XP level 14. HP: 130/130 MP: 24/24
 15814 | Lair:5   | Found a glowing silver altar of Zin.
 16259 | Lair:5   | Reached skill level 15 in Invocations
 16453 | Lair:5   | Found a corrupted altar of Lugonu.
 16453 | Lair:5   | Found a one-way gate to the infinite horrors of the Abyss.
 16458 | Lair:5   | Reached skill level 15 in Fighting
 16680 | Lair:5   | Identified the +3 long sword "Xasyhim" {holy, +Blink Int+2}
 16957 | Orc:1    | Entered Level 1 of the Orcish Mines
 17020 | Orc:1    | You are sucked into a shaft and drop 1 floor!
 17020 | Orc:2    | Entered Level 2 of the Orcish Mines
 17121 | Orc:2    | Noticed Snorg
 17127 | Orc:2    | Killed Snorg
 17426 | Orc:2    | Noticed Donald
 17434 | Orc:2    | HP: 3/135 [Donald/+6 heavy scimitar (52)]
 17435 | Orc:2    | Mangled by Donald

Illustrated notes

Levels and vault maps discovered:
D:1:      co_arrival_random_square_maze, layout_basic
D:2:      cheibrodos_old_hovel, layout_basic,
          hellmonk_ecumenical_altar_crossroads
D:3:      layout_loops_ring, item_on_display_a
D:4:      layout_gridville, minmay_temple_entry_mini_moons, grunt_ministairs_7
D:5:      layout_loops_ring, portal_sewer_entry_e, serial_bayou_pond_d,
          uniq_duvessa
D:6:      layout_basic, lemuel_tele_altar, enter_ossuary_3,
          gammafunk_ghost_smash, corner_web_ring
D:7:      layout_loops_cross, amcnicky_altar_gilded
D:8:      layout_loops_corners, enter_bailey_2, uniq_maurice
D:9:      layout_big_octagon, uniq_harold, uniq_grum
D:10:     layout_basic, regret_index_temple_of_mockery,
          grunt_temple_overflow_open, orc_david_3
D:11:     layout_basic, lair_entry_dummy
Temple:   nicolae_temple_figure_eight
Lair:1:   layout_roguey, serial_bayou_pond_e, nicolae_lair_lindhole
Lair:2:   layout_cave_shapes, nicolae_spider_entry_tight_spaces,
          grunt_megastairs_4
Lair:3:   layout_roguey, nicolae_swamp_entry_spooky, infiniplex_staircase_pool,
          uniq_kirke
Lair:4:   layout_regular_city, slime_entry_1, st_stairs_11
Lair:5:   hellmonk_lair_end_abyssal_woods, layout_loops_ring, basic_altar,
          disabler_island
Orc:1:    emtedronai_trogs_sanctum, layout_diamond_mine, basic_altar,
          lightli_orcish_oven
Orc:2:    st_orc_rangers, layout_diamond_mine, uniq_snorg, uniq_donald

Skill      XL: |  1  2  3  4  5  6  7  8  9 10 11 12 13 14 |
---------------+-------------------------------------------+-----
Axes           | 3 4 5 6 8 9 11 13 15 17 18 | 18.0
Fighting       | 4 5 6 7 8 9 10 12 13 15 | 15.4
Armour         | 4 5 6 7 8 10 11 | 11.5
Invocations    | 1 2 3 5 7 9 10 12 14 15 | 15.9
Dodging        | 2 4 |  4.5
Shields        | 5 7 |  7.0

Action                     |  1- 3 |  4- 6 |  7- 9 | 10-12 | 13-15 || total
---------------------------+-------+-------+-------+-------+-------++-------
  Melee: Dagger            |   105 |    20 |       |       |       ||   125
         War axe           |     4 |       |       |       |       ||     4
         Broad axe         |       |    27 |   149 |   279 |   292 ||   747
  Throw: Javelin           |       |       |       |     4 |       ||     4
         Dart              |       |       |       |       |     1 ||     1
 Invoke: Line Pass         |       |       |     1 |       |       ||     1
    Use: Scroll            |       |       |       |    21 |     9 ||    30
         Potion            |       |       |       |       |     2 ||     2
   Stab: Paralysed         |       |       |     9 |    35 |    31 ||    75
         Confused          |       |       |     1 |       |       ||     1
         Distracted        |       |       |       |     1 |       ||     1
 Armour: Scale mail        |    27 |       |       |       |       ||    27
         Chain mail        |    26 |    33 |    51 |   156 |   120 ||   386
  Dodge: Dodged            |    43 |    21 |    46 |    68 |    77 ||   255
  Block: Buckler           |    15 |    12 |    20 |    19 |       ||    66
         Kite shield       |       |       |       |    36 |   153 ||   189
